Map: Acid Plant LE

Players

kemachi - Winner!

  • Race: Protoss Protoss
  • League: Diamond
  • Spawn Location: 5:00

DoomEom

  • Race: Zerg Zerg
  • League: Diamond
  • Spawn Location: 11:00

VOD

Have the link to the VOD?

Description

Time

  • Played on: Aug. 26, 2018, 4:56 p.m.
  • Length: 17:59
Show
View Real Time Build Order
Export as new Build Order

kemachi Protoss - Winner!

Build Orders:  

Get SALT Encoding   

  12  0:02  Probe  
  14  0:14  Probe  
  14  0:17  Pylon  
  14  0:25  Probe  
  15  0:33  Probe  
  15  0:39  Gateway  
  15  0:41  Probe  
  17  0:51  Assimilator  
  17  0:52  Probe  
  18  1:01  Gateway  
  18  1:05  Probe  
  19  1:16  Assimilator  
  19  1:17  Probe  
  20  1:21  Zealot  
  20  1:27  Cybernetics Core  
  22  1:34  Probe  
  23  1:52  Pylon  
  23  2:09  Nexus  
  23  2:13  Warp Gate  
  23  2:20  Adept  
  22  2:35  Probe  
  22  2:52  Adept  
  24  3:10  Probe  
  23  3:18  Adept  
  23  3:22  Adept, Probe  
  29  3:34  Probe  
  29  3:36  Robotics Facility  
  29  3:41  Pylon  
  29  3:44  Pylon  
  29  3:46  Probe  
  30  3:58  Probe  
  35  4:10  Probe  
  32  4:18  Stalker  
  32  4:24  Stalker  
  36  4:25  Warp Prism  
  38  4:36  Probe  
  39  4:42  Gateway  
  37  5:05  Immortal, Probe, Gateway  
  42  5:19  Pylon  
  42  5:34  Probe  
  43  5:45  Adept x3  
  43  6:06  Adept x3  
  49  6:21  Immortal  
  53  6:26  Pylon  
  53  6:28  Adept  
  53  6:30  Pylon  
  55  6:36  Twilight Council  
  55  6:49  Probe  
  56  7:05  Nexus  
  56  7:13  Templar Archives  
  56  7:26  Stalker  
  56  7:27  Stalker  
  60  7:50  Pylon  
  60  7:52  Pylon  
  60  7:55  Pylon  
  60  8:00  Psionic Storm  
  60  8:03  High Templar  
  62  8:15  High Templar x3  
  68  8:25  Probe  
  68  8:33  Probe  
  69  8:39  Charge  
  70  8:43  Probe  
  70  8:46  Forge  
  71  8:55  Probe  
  72  9:07  Probe  
  73  9:12  Gateway, Protoss Ground Weapons Level 1  
  73  9:13  Gateway  
  73  9:15  Gateway  
  73  9:19  Probe  
  73  9:20  Gateway  
  74  9:33  Adept x2  
  78  10:16  High Templar x2  
  78  10:17  High Templar  
  76  11:02  Nexus  
  76  11:04  Zealot x3  
  76  11:05  Zealot x4  
  76  11:10  Nexus  
  78  11:12  Pylon  
  78  11:15  Pylon  
  78  11:24  Pylon  
  78  11:27  Pylon, Immortal  
  78  11:31  Zealot x4  
  90  11:53  Probe  
  91  12:05  Probe  
  92  12:17  High Templar x3, Probe  
  99  12:29  Probe  
  98  12:31  Observer  
  64  12:41  Probe  
  66  12:49  Observer  
  61  12:56  Zealot x4  
  61  12:57  Zealot  
  72  13:01  Probe  
  73  13:09  Probe  
  73  13:10  Probe  
  73  13:11  Observer  
  74  13:13  Probe  
  74  13:18  Probe  
  77  13:25  Probe  
  79  13:27  Zealot  
  79  13:28  Zealot  
  79  13:33  Zealot  
  85  13:51  Zealot x3  
  85  13:53  Zealot  
  91  14:08  Zealot x3  
  90  14:28  Warp Prism  
  90  15:05  Observer  
  86  15:26  Observer  
  87  15:31  Zealot x4  
  87  15:32  Zealot x3  
  101  15:41  Probe x2  
  101  15:42  Probe  
  104  15:43  Assimilator  
  104  15:44  Assimilator  
  104  15:52  High Templar x4  
  104  15:54  Zealot x3  
  116  16:17  Observer  
  114  16:21  Zealot x3  
  120  16:29  Probe x3  
  123  16:38  Observer  
  124  16:41  Probe x2  
  125  16:48  Zealot x5  
  125  16:49  Zealot x2  
  139  16:58  Observer  
  131  17:25  Zealot x3  
  131  17:26  Zealot x2  
  99  17:57  Zealot x2  
Show
View Real Time Build Order
Export as new Build Order

DoomEom Zerg 

Build Orders: Pool First, Lurkers 

Get SALT Encoding   

  12  0:01  Drone  
  13  0:08  Drone  
  14  0:28  Spawning Pool  
  14  0:31  Extractor  
  14  0:32  Drone  
  13  0:36  Drone  
  14  0:45  Overlord  
  14  1:15  Zergling x6  
  14  1:16  Queen  
  19  1:26  Overlord  
  19  1:31  Metabolic Boost  
  19  1:43  Zergling x2  
  20  1:50  Zergling x2  
  21  1:59  Zergling x2  
  22  2:29  Zergling x8  
  25  2:30  Zergling x2  
  24  2:39  Zergling x2  
  25  2:56  Overlord  
  22  3:19  Zergling x2  
  23  3:20  Zergling x6  
  26  3:31  Lair  
  26  3:35  Hatchery  
  26  3:37  Drone x2  
  27  3:54  Drone, Baneling Nest  
  27  3:59  Drone  
  28  4:24  Overlord  
  28  4:35  Zergling x6  
  31  4:38  Baneling  
  31  4:39  Baneling x4  
  31  4:41  Drone x3  
  34  4:49  Drone  
  34  4:50  Drone  
  35  5:03  Drone x2  
  37  5:09  Baneling  
  37  5:14  Extractor  
  36  5:32  Drone x3  
  36  5:35  Hydralisk Den  
  38  5:37  Drone x3  
  38  5:38  Drone x3  
  38  6:04  Hydralisk x2  
  42  6:14  Queen  
  42  6:16  Overlord  
  44  6:23  Queen  
  46  6:26  Drone x3  
  49  6:33  Overlord x2  
  49  6:34  Overlord  
  49  6:42  Drone  
  49  6:43  Drone x3  
  53  6:49  Baneling x2  
  53  6:51  Hydralisk, Overlord  
  55  7:00  Drone x3  
  58  7:09  Hydralisk x3, Extractor  
  63  7:19  Overseer  
  63  7:25  Spore Crawler  
  62  7:32  Drone x2, Zergling x2  
  62  7:37  Hydralisk x2, Overlord x2  
  69  7:46  Spine Crawler  
  68  7:54  Drone x4  
  68  7:55  Drone  
  68  7:57  Grooved Spines  
  73  8:11  Extractor  
  73  8:12  Overlord  
  72  8:26  Centrifical Hooks  
  72  8:42  Zergling x6, Hatchery  
  72  8:43  Zergling x12  
  80  9:09  Muscular Augments  
  80  9:11  Lurker Den  
  80  9:12  Overseer  
  79  9:18  Drone x2  
  79  9:19  Drone x2  
  79  9:20  Evolution Chamber  
  79  9:21  Evolution Chamber  
  81  9:53  Overlord  
  81  9:54  Overlord  
  81  10:02  Zerg Missile Weapons Level 1  
  81  10:03  Zerg Ground Armor Level 1  
  81  10:04  Drone x6  
  81  10:05  Drone x5  
  81  10:06  Queen  
  94  10:08  Hydralisk  
  88  10:38  Hydralisk x3  
  88  10:41  Lurker x4  
  98  10:54  Hydralisk x5  
  98  10:56  Drone x4  
  112  10:58  Extractor  
  112  10:59  Extractor  
  110  11:15  Hydralisk x2  
  110  11:16  Zergling x4  
  110  11:17  Zergling x2  
  117  11:21  Zergling x4  
  117  11:22  Zergling x2  
  120  11:31  Overlord  
  120  11:37  Lurker  
  120  11:38  Overlord x3  
  121  11:52  Lurker  
  121  11:53  Lurker  
  121  11:54  Hydralisk x3  
  123  11:56  Drone x2  
  123  11:57  Drone x5  
  136  12:17  Hydralisk x2  
  105  12:44  Hydralisk x6  
  88  12:45  Hydralisk x7  
  105  12:55  Zergling x4  
  107  13:04  Infestation Pit  
  107  13:05  Zergling x6  
  109  13:07  Drone  
  104  13:13  Lurker x3  
  104  13:14  Lurker  
  104  13:15  Lurker  
  104  13:16  Lurker x2  
  104  13:17  Lurker x2  
  113  13:23  Baneling x4  
  113  13:26  Baneling  
  113  13:27  Baneling x2  
  113  13:50  Zergling x10  
  113  13:51  Zergling x6  
  117  14:09  Hydralisk x2, Zergling x10  
  119  14:10  Hydralisk  
  119  14:15  Hydralisk  
  98  14:33  Zergling x4  
  98  14:34  Zergling x6  
  98  14:37  Lurker x2  
  98  14:38  Lurker  
  106  14:39  Lurker  
  106  14:41  Zergling x2  
  108  14:51  Hive  
  108  14:58  Overseer x3  
  92  15:22  Zergling x12  
  96  15:33  Hydralisk x2  
  96  15:34  Hydralisk x6  
  112  15:38  Overseer  
  112  15:42  Hydralisk x2  
  112  15:43  Hydralisk  
  118  15:56  Pneumatized Carapace  
  118  16:08  Spire  
  117  16:16  Hydralisk  
  117  16:17  Hydralisk x6  
  117  16:18  Hydralisk x3  
  133  16:20  Overlord x5  
  137  16:29  Baneling x2  
  137  16:35  Adaptive Talons  
  132  16:49  Lurker  
  132  16:54  Hatchery, Extractor  
  131  16:56  Extractor  
  124  17:22  Lurker x2  
  113  17:23  Lurker x4  
  113  17:25  Drone x3  
  113  17:26  Drone x6  
  127  17:31  Overseer  
Tags
 
Composition
Lurkers
Matchup
PvZ
Opening
Pool First
Spawn Locations
Cross Positions
Add a new tag
Caveats
  • Supply blocks, unpowered buildings, or Contaminate may cause inaccurate times.
  • Supply counts are checked every 10 seconds.